 Dungeon Crawl Stone Soup version 0.27-a0-1324-ge0d8e047f6 (webtiles) character file.

Game seed: 3491563951858765204

84 bilbop the Caller (level 4, 0/25 HPs)
             Began as a Deep Elf Summoner on June 23, 2021.
             Slain by Grinder (6 damage)
             ... on level 3 of the Dungeon on June 24, 2021.
             The game lasted 00:16:09 (3317 turns).

bilbop the Caller (Deep Elf Summoner)               Turns: 3317, Time: 00:16:09

Health: 0/25       AC:  3    Str:  5    XL:     4   Next: 24%
Magic:  5/11       EV: 13    Int: 20    God:
Gold:   138        SH:  0    Dex: 16    Spells: 7/10 levels left

rFire    . . .     SeeInvis .   a - +1 dagger (venom)
rCold    . . .     Faith    .   (no shield)
rNeg     . . .     Spirit   .   e - +0 robe
rPois    .         Reflect  .   (no helmet)
rElec    .         Harm     .   (no cloak)
rCorr    +         Rampage  .   c - +0 pair of gloves
Will     .....                  (no boots)
Stlth    ++........             (no amulet)
HPRegen  0.08/turn              f - ring of resist corrosion
MPRegen  0.12/turn              (no ring)

@: no status effects
A: no striking features
a: no special abilities


You were on level 3 of the Dungeon.
You visited 1 branch of the dungeon, and saw 3 of its levels.

You collected 138 gold pieces.

Inventory:

Hand Weapons
 a - a +1 dagger of venom (weapon)
 i - a +0 dagger
Armour
 c - a +0 pair of gloves (worn)
 e - a +0 robe (worn)
 n - a +2 hat
Jewellery
 f - a ring of resist corrosion (left hand)
 m - a ring of ice
Wands
 j - a wand of flame (31)
Scrolls
 b - a scroll of fog {unknown}
 d - a scroll of enchant armour {unknown}
 g - a scroll of noise {unknown}
 h - 3 scrolls of identify {unknown}
 o - a scroll of teleportation {unknown}
Potions
 k - 2 potions of degeneration {unknown}
 l - 2 potions of curing {unknown}


   Skills:
 + Level 1.2 Fighting
 + Level 3.2 Dodging
 + Level 3.3 Stealth
 + Level 3.8 Spellcasting
 + Level 4.8 Summonings


You had 7 spell levels left.
You knew the following spells:

 Your Spells              Type           Power      Damage    Failure   Level
a - Summon Small Mammal   Summ           92%        N/A       1%          1
b - Call Imp              Summ           23%        N/A       2%          2

Your spell library contained the following spells:

 Spells                   Type           Power      Damage    Failure   Level
 Call Canine Familiar     Summ           23%        N/A       5%          3
 Summon Guardian Golem    Hex/Summ       13%        N/A       14%         3
 Summon Ice Beast         Ice/Summ       13%        N/A       43%         4
 Summon Lightning Spire   Summ/Air       13%        N/A       43%         4


Dungeon Overview and Level Annotations

Branches:
Dungeon (3/15)

Altars:

Shops:
D:3 (

Annotations:
D:3 Grinder


Message History

No target in view!
Grinder comes into view.
Grinder shouts!
Grinder gestures at you.
You suddenly lose the ability to move!
Grinder blinks!
Grinder gestures at you.
You barely resist. Grinder gestures at you. You resist with significant effort.
Grinder says, "I used to sell toenails on the black market."
You can move again.
Casting: Call Imp (safe; 2% risk of failure)
Confirm with . or Enter, or press ? or * to list all spells.
A beastly little devil appears in a puff of flame.
Casting: Call Imp (safe; 2% risk of failure)
Confirm with . or Enter, or press ? or * to list all spells.
A beastly little devil appears in a puff of frigid air.
Grinder closely misses you.
Casting: Call Imp (safe; 2% risk of failure)
Confirm with . or Enter, or press ? or * to list all spells.
A beastly little devil appears in a puff of flame.
Grinder hits you.
You writhe in agony.
You hit Grinder.
Grinder is poisoned.
Grinder is lightly wounded.
Your crimson imp misses Grinder.
Grinder gestures at you.
You suddenly lose the ability to move!
Your crimson imp blinks!
Grinder says, "Mostly I couldn't keep them alive."
Grinder hits you.
You writhe in agony.
Your crimson imp barely misses Grinder.
Your white imp barely misses Grinder.
You can move again.
Unknown command.
You barely miss Grinder.
Grinder is lightly wounded.
Grinder hits you!
* * * LOW HITPOINT WARNING * * *
You writhe in agony.
You die...

.....≈≈≈≈≈≈≈.####..#
....##≈≈.≈≈##.###..##
...## #.........# ####
##.........###########
.....................#
.........>.#########.#
.......5...# #..#.#
......55...# #..#.#
......5@...# #..#.#
...........# #..#.#
...........# #..#.#
...........# #..#.#
#.########## #..#.# #
#.##.# #.##.# #.##.#
#.##.#


You could see Grinder (very poisoned, ally target), 2 friendly crimson imps and
a friendly white imp (summoned).

Vanquished Creatures
  Jessica (D:2)
  2 dart slugs (D:3)
  An orc (D:3)
  A bat (D:1)
  2 endoplasms
  A giant cockroach (D:1)
  2 goblins (D:3)
  2 kobolds
  3 quokkas
  A ball python (D:3)
  A rat (D:3)
17 creatures vanquished.

Vanquished Creatures (collateral kills)
  2 adders
  2 worms
  9 dart slugs (D:3)
  A ball python (D:1)
  2 bats (D:1)
  2 endoplasms
  3 goblins
  2 hobgoblins
  7 jackals
  A quokka (D:3)
  2 frilled lizards (D:2)
  2 kobolds
  3 rats
38 creatures vanquished.

Grand Total: 55 creatures vanquished

Notes
Turn   | Place    | Note
-------+----------+-------------------------------------------
     0 | D:1      | bilbop the Deep Elf Summoner began the quest for the Orb.
     0 | D:1      | Reached XP level 1. HP: 10/10 MP: 6/6
   104 | D:1      | You fall into a shaft and drop 1 floor!
   314 | D:2      | Noticed Jessica
   514 | D:2      | Killed Jessica
   515 | D:2      | Reached XP level 2. HP: 3/16 MP: 2/8
   998 | D:2      | Reached XP level 3. HP: 20/20 MP: 9/9
  1001 | D:2      | Learned a level 2 spell: Call Imp
  1708 | D:1      | Found a faded altar of an unknown god.
  2481 | D:3      | Reached skill level 1 in Fighting
  2779 | D:3      | Found Ymakutute's Weapon Shop.
  2942 | D:3      | Reached XP level 4. HP: 18/25 MP: 9/11
  3305 | D:3      | Noticed Grinder
  3305 | D:3      | Paralysed by Grinder for 7 turns
  3315 | D:3      | Paralysed by Grinder for 2 turns
  3317 | D:3      | Slain by Grinder

Illustrated notes

Levels and vault maps discovered:
D:1:      dpeg_arrival_pits, layout_basic, ebering_ecumenical_altar_hall,
          chequers_serial_rivers_marsh
D:2:      layout_basic, uniq_jessica
D:3:      kennysheep_slugbush, layout_basic, serial_shops, nicolae_shop_trees,
          shop, shop, portal_sewer_entry_e, uniq_grinder

Skill      XL: |  1  2  3 |
---------------+----------+-----
Stealth        | 3 |  3.3
Dodging        | 3 |  3.2
Fighting       | 1 |  1.2
Spellcasting   | |  3.8
Summonings     | |  4.8

Action                   |  1- 3 |  4- 6 || total
-------------------------+-------+-------++-------
Melee: Dagger            |    57 |    17 ||    74
 Cast: Summon Small Mamm |    25 |       ||    25
       Call Imp          |    23 |     6 ||    29
 Stab: Sleeping          |     8 |       ||     8
Armor: Robe              |    21 |     2 ||    23
Dodge: Dodged            |    53 |     8 ||    61

Table legend: (Time is in decaauts)
 A = Elapsed time spent in this place.
 B = Non-inter-level travel time spent in this place.
 C = Inter-level travel time spent in this place.
 D = Time resting spent in this place.
 E = Time spent auto-exploring this place.
 F = Levels seen in this place.
 G = Mean time per level.
                   A        B        C        D        E       F      G
               +--------+--------+--------+--------+--------+-----+--------+
         Total |   3328 |   3243 |     85 |    441 |   2292 |   3 | 1109.3 |
       Dungeon |   3328 |   3243 |     85 |    441 |   2292 |   3 | 1109.3 |
               +--------+--------+--------+--------+--------+-----+--------+

Top non-repeatable levels by time:
     D:1: 1298 daAuts
     D:2: 1170 daAuts
     D:3: 859 daAuts
